 Dungeon Crawl Stone Soup version 0.28.0-53-g5a82cb258f (webtiles) character file.

Game seed: 6180670912027120686

47 Zeld the Ogre Mage (level 3, -1/31 HPs)
             Began as an Ogre Fire Elementalist on June 6, 2022.
             Slain by a ball python (2 damage)
             ... on level 2 of the Dungeon.
             The game lasted 00:02:14 (1494 turns).

Zeld the Ogre Mage (Ogre Fire Elementalist)         Turns: 1494, Time: 00:02:14

Health: -1/31      AC:  3    Str: 12    XL:     3   Next: 70%
Magic:  1/7        EV: 10    Int: 18    God:
Gold:   37         SH:  0    Dex:  9    Spells: 2/8 levels left

rFire   . . .      SeeInvis .   (no weapon)
rCold   . . .      Faith    .   (no shield)
rNeg    . . .      Spirit   .   a - +0 robe
rPois   .          Reflect  .   (helmet restricted)
rElec   .          Harm     .   (no cloak)
rCorr   .          Rampage  .   (gloves unavailable)
Will    .....                   (boots unavailable)
Stlth   +.........              (no amulet)
HPRegen 0.10/turn               (no ring)
MPRegen 0.10/turn               (no ring)

@: no status effects
A: large, unfitting armour, tough skin 1
a: no special abilities


You were on level 2 of the Dungeon.
You visited 1 branch of the dungeon, and saw 2 of its levels.

You collected 37 gold pieces.

Inventory:

Armour
 a - a +0 robe (worn)
Scrolls
 b - a scroll of fog {unknown}
 d - a scroll of silence {unknown}
 f - a scroll of identify {unknown}
 g - 2 scrolls of enchant armour {unknown}
Potions
 c - a potion of attraction {unknown}
 e - a potion of mutation {unknown}
 h - a potion of brilliance {unknown}


   Skills:
 + Level 2.1 Dodging
 - Level 1.4 Stealth
 * Level 3.3 Spellcasting
 + Level 1.3 Conjurations
 * Level 3.2 Fire Magic


You had 2 spell levels left.
You knew the following spells:

 Your Spells              Type           Power      Damage    Failure   Level
a - Foxfire               Conj/Fire      44%        2x1d6     6%          1
b - Scorch                Fire           28%        2d6       6%          2
c - Inner Flame           Hex/Fire       8%         N/A       24%         3

Your spell library contained the following spells:

 Spells                   Type           Power      Damage    Failure   Level
 Conjure Flame            Conj/Fire      11%        6-21      19%         3
 Flame Wave               Conj/Fire      11%        2d5       52%         4


Dungeon Overview and Level Annotations

Branches:
Dungeon (2/15)

Altars:


Innate Abilities, Weirdness & Mutations

You are too large for most types of armour.
You have tough skin. (AC +1)


Message History

The bat misses you.
Casting: Foxfire (safe; 6% risk of failure)
Confirm with . or Enter, or press ? or * to list all spells.
You miscast Foxfire.
You are very lightly contaminated with residual magic.
Nothing appears to happen.
The bat hits you but does no damage. The bat barely misses you.
The bat hits you but does no damage. The bat hits you.
* * * LOW HITPOINT WARNING * * *
The bat closely misses you. The bat hits you.
* * * LOW HITPOINT WARNING * * *
The bat barely misses you.
Your magical contamination has completely faded away.
A bat comes into view.
The bat barely misses you. The bat hits you but does no damage.
The bat barely misses you.
Casting: Foxfire (safe; 6% risk of failure)
Confirm with . or Enter, or press ? or * to list all spells.
You conjure some foxfire!
The bat barely misses you.
A kobold comes into view. It is wielding a +0 dagger.
The foxfire hits the bat.
You kill the bat!
The foxfire hits the goblin.
The goblin is severely wounded.
A rat comes into view.
Found a stone staircase leading down.
The kobold shouts!
A ball python comes into view.
The bat closely misses you. The ball python closely misses you.
The bat hits you.
* * * LOW HITPOINT WARNING * * *
The bat hits you.
* * * LOW HITPOINT WARNING * * *
The ball python barely misses you.
Found 2 fuming amethyst potions.
The bat hits you but does no damage.
The kobold throws a stone.
The stone barely misses you. The bat hits you but does no damage.
The ball python bites you.
You die...

......########
r...........#
..........#
#########.......####
......g.†.J.......>####
#.#######...J.........#
#.# #####.gK......+ #.#
#..S......# #g#
#..b@.....# #J#
#.........# #J#
#.........# .g#
#.........!. ..#
#.........## ..#
#.........# ..#
########.## ..# .# ..#


You could see 2 endoplasms, a goblin, a bat, a ball python and a kobold.

Vanquished Creatures
  2 adders (D:2)
  3 bats
  2 endoplasms (D:1)
  4 goblins (D:1)
  A hobgoblin (D:2)
  4 kobolds (D:1)
  4 quokkas
  3 ball pythons (D:1)
  2 frilled lizards (D:1)
  3 rats (D:1)
28 creatures vanquished.

Vanquished Creatures (others)
  54 foxfires
54 creatures vanquished.

Grand Total: 82 creatures vanquished

Notes
Turn   | Place    | Note
-------+----------+-------------------------------------------
     0 | D:1      | Zeld the Ogre Fire Elementalist began the quest for the
                  | Orb.
     0 | D:1      | Reached XP level 1. HP: 16/16 MP: 3/3
   197 | D:1      | Reached skill level 1 in Conjurations
   340 | D:1      | Reached XP level 2. HP: 24/24 MP: 2/5
   627 | D:1      | Learned a level 2 spell: Scorch
  1117 | D:1      | Reached XP level 3. HP: 16/31 MP: 0/7
  1121 | D:1      | Learned a level 3 spell: Inner Flame
  1492 | D:2      | HP: 1/31 [bat (1)]
  1494 | D:2      | Slain by a ball python

Illustrated notes

Levels and vault maps discovered:
D:1:      onia_arrival_handbag, layout_loops_cross
D:2:      layout_basic, minmay_tromino_v4_a

Skill      XL: |  1  2 |
---------------+-------+-----
Conjurations   | 1 |  1.3
Fire Magic     | 3 |  3.2
Dodging        | 2 |  2.1
Spellcasting   | 3 |  3.3
Stealth        | |  1.4

Action                   || total
-------------------------++-------
Melee: Unarmed           ||    25
 Cast: Foxfire           ||    39
       Scorch            ||    15
Armor: Robe              ||    28
Dodge: Dodged            ||    54
